Cogmind - Beta 15 @@@ ROGUE MODE // 2025.09.08 @ 15:33:27 Player: odium reigns Result: Destroyed by G-47 Trooper with Particle Gun Performance ------------- Evolutions (0) 0 Regions Visited (2) 400 Robots Destroyed (17) 85 Value Destroyed (285) 285 Prototype IDs (0) 0 Alien Tech Used (0) 0 Bonus (0) 0 TOTAL SCORE: 770 Bonus ------- None Cogmind --------- Core Integrity 0/250 Matter 300/300 Energy 100/100 System Corruption 0% Temperature Cool (9) Movement Walking (120) Location -10/Mines Parts ------- > --- POWER (1) -------- (None) > --- PROPULSION (2) --- Aluminum Leg Aluminum Leg > --- UTILITY (2) ------ Large Storage Unit > --- WEAPON (2) ------- (None) > --- INVENTORY (15) --- Light Ion Engine Improved Heat Sink Small Matter Pod (50) Small Matter Pod (50) Medium Matter Pod (55) Medium Matter Pod (0) Terrain Scan Processor Transport Network Coupler Datajack Peak State ------------ > --- POWER ------------ Ion Engine > --- PROPULSION ------- Light Treads Light Treads > --- UTILITY ---------- Small Storage Unit Improved Terrain Scanner > --- WEAPON ----------- Small Laser Assault Rifle > --- INVENTORY -------- Light Ion Engine Aluminum Leg Aluminum Leg Small Matter Pod Small Matter Pod Improved Terrain Scanner Small Laser Mining Laser [Rating: 10] Favorites ----------- Power Ion Engine Engine Ion Engine Propulsion Light Treads Treads Light Treads Leg Aluminum Leg Utility Improved Terrain Scanner Device Improved Terrain Scanner Storage Large Storage Unit Weapon Small Laser Energy Gun Small Laser Ballistic Gun Assault Rifle Special Weapon Mining Laser Build | -11 -10 -10 ------- Run | Yrd Mat Min Slots Evolved . | . . . Power . | . . . Propulsion . | . . . Utility . | . . . Weapon . | . . . Parts Attached 14 | 8 2 4 Power 2 | 1 . 1 Engine 2 | 1 . 1 Core . | . . . Reactor . | . . . Propulsion 4 | 2 . 2 Treads 2 | 2 . . Leg 2 | . . 2 Wheel . | . . . Hover . | . . . Flight . | . . . Utility 4 | 3 1 . Device 2 | 2 . . Storage 2 | 1 1 . Processor . | . . . Hackware . | . . . Protection . | . . . Artifact . | . . . Weapon 4 | 2 1 1 Energy Gun 2 | 1 1 . Energy Cannon . | . . . Ballistic Gun 1 | 1 . . Ballistic Cannon . | . . . Launcher . | . . . Special Weapon 1 | . . 1 Impact Weapon . | . . . Slashing Weapon . | . . . Piercing Weapon . | . . . Special Melee Weapon . | . . . Unidentified Prototypes . | . . . Parts Lost 9 | . 1 8 Power 2 | . . 2 Propulsion 2 | . . 2 Utility 1 | . . 1 Weapon 4 | . 1 3 Highest Loss Streak 8 | . 1 8 To Critical Strikes . | . . . Average Backups 7 | 4 9 12 Power 1 | . 1 1 Propulsion 1 | 1 2 1 Utility 2 | . 3 7 Weapon 1 | 1 1 . Tool/Special . | . . . Unused Backups 6 | . . 6 Power 1 | . . 1 Propulsion . | . . . Utility 4 | . . 4 Weapon . | . . . Tool/Special 1 | . . 1 Average Slot Usage (%) 94 | . 99 79 Engine 13 | . 14 11 Treads 25 | . 28 16 Leg 1 | . . 5 Device 13 | . 14 12 Storage 14 | . 14 14 Energy Gun 13 | . 13 11 Ballistic Gun 12 | . 14 7 Peak Build Rating 10 | 10 10 10 Average Rating 8 | 6 9 8 On Entrance 6 | . 10 10 Naked Turns . | . . . Heaviest Build 29 | 14 29 29 Greatest Support 40 | 40 40 40 Greatest Overweight (x) 1 | 1 . 1 Average Overweight (x) . | . . . Largest Inventory Capacity 15 | 8 15 15 Average Capacity 11 | 7 12 15 Most Carried 13 | 8 13 13 Average Carried 7 | 4 9 11 Final Capacity 15 | 8 15 15 Final Carried 13 | 8 13 9 Class Distribution -------------------- 100% | Mutant Dominant Class ---------------- Mutant | -10/Materials Mutant | -10/Mines Resources | -11 -10 -10 ----------- Run | Yrd Mat Min Matter Collected 515 | 385 130 . Remotely . | . . . Salvage Created 546 | 205 341 . Parts 33 | 19 14 . Haulers Intercepted 1 | . 1 . Recyclers Shooed . | . . . Parts Field Recycled . | . . . Retrieved Matter . | . . . Parts Self-Destructed . | . . . Prevented . | . . . Kills | -11 -10 -10 ------- Run | Yrd Mat Min Combat Hostiles Destroyed 9 | . 9 . Guns 9 | . 9 . Classes Destroyed 6 | 3 3 . Worker 2 | 2 . . Tunneler 4 | 4 . . Hauler 1 | . 1 . Recycler 1 | 1 . . Swarmer 3 | . 3 . Grunt 6 | . 6 . Best Kill Streak 8 | 4 8 . Combat Bots Only 8 | . 8 . Max Kills in Single Turn 2 | 1 2 . Gunslinging 1 | . 1 . Exploded . | . . . Melee . | . . . Uniques/NPCs Destroyed . | . . . Combat | -11 -10 -10 -------- Run | Yrd Mat Min Hostile Shots Fired 103 | . 55 48 Missed 23 | . 14 9 Hits 80 | . 41 39 Projectile 80 | . 41 39 Critical Strikes 1 | . . 1 Damage Taken 1015 | . 463 552 Core 251 | . 63 188 Absorbed by Shields . | . . . Core Remaining (%) 100 | 100 . . Volleys Fired 64 | 21 26 17 Largest 2 | 2 2 2 Hottest 60 | 60 60 60 Shots Fired 112 | 38 51 23 Gun 112 | 38 51 23 Cannon . | . . . Launcher . | . . . Special . | . . . Kinetic 53 | 21 26 6 Thermal 59 | 17 25 17 Explosive . | . . . Electromagnetic . | . . . Robot Hit Streak 13 | 13 8 5 Robot Miss Streak 2 | 2 2 1 Penetration Max . | . . . Secondary Targets 1 | . 1 . Max Gunslinging Chain 1 | . 1 . Shots Hit Robots 71 | 24 37 10 Core Hits 28 | 8 17 3 Critical Kills . | . . . Critical Parts Destroyed . | . . . Critical Strikes . | . . . Melee Attacks . | . . . Impact . | . . . Slashing . | . . . Piercing . | . . . Sneak Attacks . | . . . Combat Hostiles . | . . . Follow-up Attacks . | . . . Damage Inflicted 920 | 260 522 138 Guns 895 | 260 522 113 Cannons . | . . . Explosions . | . . . Melee . | . . . Ramming 25 | . . 25 Kinetic 472 | 135 290 47 Thermal 423 | 125 232 66 Explosive . | . . . Electromagnetic . | . . . Impact . | . . . Slashing . | . . . Piercing . | . . . Highest Corruption . | . . . Average Corruption . | . . . Corruption Purged . | . . . Corruption Blocked . | . . . Overload Shots . | . . . Overflow Damage . | . . . Projectiles . | . . . Explosions . | . . . Melee . | . . . Knockbacks . | . . . Impact . | . . . Kinetic . | . . . Secondary . | . . . Self-Inflicted Damage . | . . . Shots . | . . . Rammed 2 | . . 2 Targets Rammed 12 | . . 12 Kicked 10 | . . 10 Crushed . | . . . Highest Temperature 110 | . 90 110 Average Temperature 49 | . 40 63 Received Heat Transfer 570 | . 234 336 Siege Activations . | . . . Martial Activations . | . . . Shielding Activations . | . . . Robots Disrupted . | . . . Combat Hostiles . | . . . Robots Corrupted . | . . . Combat Hostiles . | . . . Parts Fried . | . . . Impact Corruptions . | . . . Robots Melted . | . . . Combat Hostiles . | . . . Parts Melted 1 | . 1 . Heat Transferred 950 | 275 525 150 Parts Sabotaged . | . . . Parts Stolen . | . . . Parts Stripped . | . . . Power Chain Reactions . | . . . Alert | -11 -10 -10 ------- Run | Yrd Mat Min Maximum Alert Level . | . . . Low Security (%) 100 | 100 100 100 Level 1 . | . . . Level 2 . | . . . Level 3 . | . . . Level 4 . | . . . Level 5 . | . . . High Security . | . . . Max Security . | . . . Peak Influence 165 | 10 165 55 Initial 55 | . . 55 Average 37 | 1 66 23 Influence Increases 282 | 35 247 . Destroy 0b10 Robot/C 180 | . 180 . Destroy 0b10 Robot/NC 40 | 35 5 . Destroy Leader 32 | . 32 . Partial Spotted 15 | . 15 . Lose Combat Pursuer 15 | . 15 . Influence Decreases 282 | 35 105 142 Entered New Map 87 | . . 87 Time Decay 155 | 35 95 25 Lost Part 40 | . 10 30 Squads Dispatched 1 | . 1 . Investigation 1 | . 1 . Extermination . | . . . Reinforcement . | . . . Assault . | . . . Garrison . | . . . Intercept . | . . . Searches Triggered . | . . . Construction Impeded . | . . . Haulers Reinforced . | . . . Active Scanning Responses . | . . . Cargo Convoy Interrupts . | . . . Stealth | -11 -10 -10 --------- Run | Yrd Mat Min Distress Signals . | . . . Communications Jammed . | . . . Distress Signals . | . . . Times Spotted 14 | . 12 2 Peak Tracking Total 6 | . 6 2 Tactical Retreats 1 | . 1 . Traps | -11 -10 -10 ------- Run | Yrd Mat Min Traps Triggered 1 | . 1 . Indirectly . | . . . Trap Hack Attempts . | . . . Triggered . | . . . Disarmed . | . . . Reprogrammed . | . . . Reused . | . . . Traps Extracted . | . . . Installed . | . . . Triggered . | . . . Machines | -11 -10 -10 ---------- Run | Yrd Mat Min Machines Disabled . | . . . Max in Single Turn . | . . . Machines Repaired . | . . . Machines Dismantled . | . . . Machines Sabotaged . | . . . Overloaded Fab Kills . | . . . Hacking | -11 -10 -10 --------- Run | Yrd Mat Min Machines Accessed 1 | . 1 . Terminals 1 | . 1 . Fabricators . | . . . Repair Stations . | . . . Recycling Units . | . . . Scanalyzers . | . . . Garrison Access . | . . . Total Hacks 2 | . 2 . Successful 1 | . 1 . Failed 1 | . 1 . Catastrophic . | . . . Database Lockouts . | . . . Manual . | . . . Terminals 2 | . 2 . Fabricators . | . . . Repair Stations . | . . . Recycling Units . | . . . Scanalyzers . | . . . Garrison Access . | . . . Terminal Hacks 1 | . 1 . Branch Access Points 1 | . 1 . Fabricator Hacks . | . . . Repair Station Hacks . | . . . Recycling Unit Hacks . | . . . Scanalyzer . | . . . Garrison Access Hacks . | . . . Unauthorized Hacks . | . . . Terminals . | . . . Fabricators . | . . . Repair Stations . | . . . Recycling Units . | . . . Scanalyzers . | . . . Garrison Access . | . . . Data Cores Recovered . | . . . Used . | . . . Hacking Detections . | . . . Full Trace Events . | . . . Feedback Events . | . . . Feedback Blocked . | . . . Robot Schematics Acquired . | . . . Robots Built . | . . . Authchips . | . . . Time . | . . . Total Robot Build Rating . | . . . Part Schematics Acquired . | . . . Parts Built . | . . . Authchips . | . . . Time . | . . . Total Part Build Rating . | . . . Parts Repaired . | . . . Time . | . . . Parts Recycled . | . . . Recycled Matter . | . . . Retrieved Matter . | . . . Retrieved Components . | . . . Parts Scanalyzed . | . . . Part Schematics Acquired . | . . . Parts Damaged . | . . . Bothacking | -11 -10 -10 ------------ Run | Yrd Mat Min Used RIF Installer . | . . . Robots Hacked . | . . . Non-combat . | . . . Combat . | . . . Robot Hacks Applied . | . . . Relay Couplers Released . | . . . Fabnet Peak Effective % . | . . . Robots Rewired . | . . . Allies Hacked . | . . . Hacks Repelled . | . . . Allies | -11 -10 -10 -------- Run | Yrd Mat Min Total Allies . | . . . Largest Group . | . . . Highest-Rated Group . | . . . Highest-Rated Ally . | . . . Total Orders . | . . . Ally Attacks . | . . . Total Damage . | . . . Kills . | . . . Allies Corrupted . | . . . Allies Melted . | . . . Intel | -11 -10 -10 ------- Run | Yrd Mat Min Active Infowar (turns) 455 | 59 307 89 Terrain 455 | 59 307 89 Robot Analysis Total . | . . . Derelict Logs Recovered . | . . . Drone Launches . | . . . Drone Recoveries . | . . . Exploration | -11 -10 -10 ------------- Run | Yrd Mat Min Turns Passed 618 | 212 307 99 Spaces Moved 239 | 86 136 17 Core 3 | 3 . . Treads 233 | 83 136 14 Legs 3 | . . 3 Wheels . | . . . Hover . | . . . Flight . | . . . Fastest Speed 50 | 50 160 160 Average Speed 159 | 156 160 170 Slowest Speed 240 | 160 160 240 Overloaded Moves . | . . . Propulsion Burnouts . | . . . Robots Hopped . | . . . Potential Cave-ins . | . . . Cave-ins Triggered . | . . . Exploration Rate (%) 12 | 6 26 6 Regions Visited 2 Branch Regions 1 Pre-discovered Areas . | . . . Known Exits Taken 1 | . 1 . Unknown Exits Taken 1 | 1 . . Scrap Searched . | . . . Spaces Dug . | . . . Terrain Destroyed . | . . . Melee . | . . . Projectile . | . . . AOE . | . . . Terrain Rammed . | . . . Walls Destroyed . | . . . Machines Disabled . | . . . Actions | -11 -10 -10 --------- Run | Yrd Mat Min Total 352 | 121 176 55 Wait 9 | . 4 5 Move 237 | 85 135 17 Hop . | . . . Pick Up 14 | 7 7 . Fast Attach 7 | 7 . . Attach 5 | . 1 4 Detach . | . . . Swap 2 | 1 1 . Drop 2 | . 2 . Fire 64 | 21 26 17 Melee . | . . . Ram 2 | . . 2 Kick 10 | . . 10 Crush . | . . . Escape Stasis . | . . . Rewire . | . . . Trap . | . . . Miscellaneous . | . . . Route ------- -11/Scrapyard -10/Materials -10/Mines History --------- Turn | Location | Event 6 | -11/Scrapyard | Discovered new exit (range 16) 213 | -11/Scrapyard | Entered Materials 239 | -10/Materials | Identified exit to Mines 300 | -10/Materials | Build established: Mutant 442 | -10/Materials | Destroyed 8 combat bots 520 | -10/Materials | Entered Mines 598 | -10/Mines | Core integrity fell below 50% 616 | -10/Mines | Core integrity fell below 20% 619 | -10/Mines | Destroyed by G-47 Trooper with Particle Gun Last Messages --------------- 00537_ Critical hit (Burn: +37). 00540_ K-01 Serf collects debris. 00561_ Assault Rifle destroyed. 00569_ Lgt. Treads destroyed. 00579_ Mining Laser destroyed. 00585_ Ion Engine destroyed. 00589_ Lgt. Treads destroyed. 00590_ Slammed into G-47 Trooper. 00593_ Sml. Laser destroyed. 00594_ Slammed into G-47 Trooper. 00600_ Kicked G-47 Trooper. 00602_ Lgt. Ion Engine destroyed. 00602_ Kicked G-47 Trooper out of the way. 00609_ Imp. Terrain Scanner destroyed. 00610_ Kicked G-47 Trooper. 00612_ Kicked G-47 Trooper out of the way. 00613_ Kicked G-47 Trooper. 00614_ Kicked G-47 Trooper out of the way. 00617_ Kicked G-47 Trooper. 00618_ Kicked G-47 Trooper out of the way. Map ----- +----------------------------------------------------+ | ????????????????????????????????? | | ????????????????????????????????? | | ????????????????????????????????? | | ????????????????????????????????? | | ????????????????????????????????? | | ????????????????????????????????? | | ????????????????????????????????? | | ????????????????????????????????? | | ????????????????????????????????? | | ????????????????????????????????? | | ????????????????????????????????? | | ?#??????????????????????????????? | | ???????????? ???????????????????? | | ##?????#? ??????????????????????? | | ????????????????????????????????? | | ??#???????#?#???????????????????? | | ????????? #????#???????????????? | | ??#??????? #????? ?????????????? | | ????#????? #???????????????????? | | ??#??????? #???????????????????? | | #?????????# #???????????????????? | | ??????????# ##???????? ?????????? | | ??????????# #??#????????????????? | | ????????#?# #???#???????????????? | | ???######## #???????????????????? | | ???#g @g #??????#????????????? | | ???# ###### #####???????????????? | | ???# #???# #???????????????? | | ???# ???# #???????????????? | | ??? ???# #???????????????? | | ??? ??# #???????????????? | | ??? ??# #???????????????? | | ??# ?########?#?????????????? | | ??# ???????????????????????? | | ??# ???????????????????????? | | ??# ? ????????????????????? | | ??# ????#????????????????? | | ??## ## ??????????????????????? | | ????###?###?????????????????????? | | #????????#??????????????????????? | | ????????????????????????????????? | | ????????????????????????????????? | | ???????????????#????????????????? | | | | | | | | | | | | | | | +----------------------------------------------------+ Best States ------------- Heat Dissipation 25 Energy Generation 10 Energy Capacity 250 Matter Stores 300 Matter Capacity 300 Sight Range 16 Terrain Scan Range 16 Terrain Scan Density 10 Evasion (%) 45 Recoil Reduction 2 Item Schematics ----------------- None Robot Schematics ------------------ None Fabricated ------------ Nothing Repaired ---------- Nothing Alien Tech Used ----------------- None Achievements -------------- None Challenges ------------ None Game ------ Seed ProjectileProtonPod Manual? 0 Play Time 00:04:56 Cumulative 64.9 hours Start 2025.09.08 @ 15:29:23 End 2025.09.08 @ 15:33:27 Sessions 1 Manual Loads 0 Difficulty Rogue Special Mode None Game No. 46 Rogue 46 Adventurer 0 Explorer 0 Win Type - Total 0 Types 0/0/0/0/0/0/0/0/0/0 Lore% 19 Gallery% 44 Achievement% 36 Wizard Run 0 Options --------- Layout 0 ASCII 0 Keyboard 0 Movement Mouse Keybinds 0 Fullscreen 1 Font 12/Smallcaps Map View 38x28 Zoom Use 97% Tactical HUD 1 Map Filters NONE Filters NONE Steam SD RUN: 5b091317-46e7-477d-97eb-5f358b248c7d